[Event "III Menorca Open-A 2024"]
[Site "Ciutadella Menorca"]
[Date "2024.04.07"]
[Round "9.23"]
[White "Prado, Alexandra"]
[Black "Huguet, Sergio"]
[Result "1/2-1/2"]
[ECO "B01"]
[WhiteElo "1877"]
[BlackElo "1963"]
[Annotator "NA RC"]
[PlyCount "71"]
[EventDate "2024.04.02"]
[EventType "swiss"]
[EventCountry "ESP"]
[SourceTitle "playchess.com"]
[Source "ChessBase"]
[SourceQuality "1"]
[TimeControl "5400+30"]

1. e4 d5 2. exd5 Qxd5 3. Nc3 Qa5 4. Bc4 Nf6 5. d3 Bg4 6. f3 Bd7 7. Bd2 Qb6 8. g4 h6 9. Qe2 e6 10. O-O-O Na6 11. f4 O-O-O 12. h3 Bc6 13. Nf3 Nb4 14. Rhe1 Bxf3 15. Qxf3 Nfd5 16. f5 Be7 17. fxe6 fxe6 18. Qf7 Rhf8 19. Qxe6+ Qxe6 20. Rxe6 Bg5 21. Bxg5 hxg5 22. Nxd5 Nxd5 23. Re5 Nf4 24. Rxg5 Nxh3 25. Be6+ Kb8 26. Rxg7 Rf2 27. Rh1 Nf4 28. Bf5 Ne2+ 29. Kb1 Ng3 30. Re1 Nxf5 31. gxf5 Rxf5 32. a4 a5 33. Ree7 Rc5 34. Rgf7 b6 35. Re4 Rh8 36. Rc4 1/2-1/2